 Dungeon Crawl Stone Soup version 0.23.2-1-ga50397a (webtiles) character file.

Game seed: 17432388950234952843

1390 whitewolfNL the Cudgeler (level 8, -9/71 HPs)
             Began as a Minotaur Berserker on May 12, 2019.
             Was an Elder of Trog.
             Mangled by a sixfirhy (11 damage)
             ... summoned by an orc sorcerer
             ... on level 7 of the Dungeon.
             The game lasted 00:21:05 (4174 turns).

whitewolfNL the Cudgeler (Minotaur Berserker)       Turns: 4174, Time: 00:21:05

Health: -9/71      AC:  5    Str: 22    XL:     8   Next: 40%
Magic:  9/9        EV:  9    Int:  6    God:    Trog [****..]
Gold:   106        SH:  4    Dex: 12    Spells: 7/7 levels left

rFire    . . .     SeeInvis .   B - +1 mace (drain)
rCold    . . .     Gourm    .   p - +0 buckler
rNeg     . . .     Faith    .   k - +0 chain mail
rPois    .         Spirit   .   (helmet restricted)
rElec    .         Reflect  .   (no cloak)
rCorr    +         Harm     .   (no gloves)
MR       .....     Rnd*Tele +   (no boots)
Stlth    ..........             j - amulet of magic regeneration
HPRegen  0.21/turn              u - ring of teleportation (curse)
MPRegen  0.36/turn              z - ring of resist corrosion

@: berserk cooldown, slowed, lightly drained, very slow
A: retaliatory headbutt, horns 2, blurry vision 1, clever 1, deformed body, wild
magic 1
a: Berserk, Trog's Hand, Brothers in Arms, Renounce Religion


You were on level 7 of the Dungeon.
You worshipped Trog.
Trog was greatly pleased with you.
You were hungry.

You visited 1 branch of the dungeon, and saw 7 of its levels.

You collected 251 gold pieces.
You spent 145 gold pieces at shops.

Inventory:

Hand Weapons
 B - a +1 mace of draining (weapon)
Missiles
 a - 82 arrows
 h - 7 curare-tipped needles
 s - 216 stones (quivered)
 v - 58 sling bullets
 y - 5 tomahawks
Armour
 k - a +0 chain mail (worn)
 p - a +0 buckler (worn)
Jewellery
 j - an amulet of magic regeneration (around neck)
 u - a cursed ring of teleportation (left hand)
 z - a ring of resist corrosion (right hand)
 E - an uncursed amulet of faith {unknown}
 F - an uncursed ring of protection from cold {unknown}
Wands
 o - a wand of acid (9)
Scrolls
 b - a scroll of teleportation {unknown}
 d - a scroll of magic mapping {unknown}
 f - 2 scrolls of remove curse
 n - a scroll of immolation {unknown}
 q - 2 scrolls of fog
 r - a scroll of enchant weapon {unknown}
 t - a scroll of blinking {unknown}
 A - 2 scrolls of enchant armour {unknown}
 D - 2 scrolls of fear {unknown}
Potions
 e - a potion of flight {unknown}
 g - 8 potions of curing
 i - 2 potions of heal wounds
 m - 6 potions of mutation
 w - a potion of haste {unknown}
 C - a potion of lignification {unknown}
 G - a potion of might {unknown}
Comestibles
 c - 13 rations
 l - a chunk of flesh


   Skills:
 * Level 6.6(6.1) Fighting
 * Level 6.7(6.2) Maces & Flails
 - Level 1.0(0.5) Throwing
 * Level 5.8(5.3) Armour
 + Level 4.0(3.6) Dodging
 - Level 4.0(3.5) Shields
 * Level 3.7(3.2) Evocations


You had 7 spell levels left.
You didn't know any spells.
Your spell library was empty.

Dungeon Overview and Level Annotations

Branches:
Dungeon (7/15)             Temple (0/1) D:5

Altars:
Fedhas
Nemelex Xobeh
Okawaru
Sif Muna
Yredelemnul

Shops:
D:4 !   D:5 !


Innate Abilities, Weirdness & Mutations

You reflexively headbutt those who attack you in melee.
You have a pair of horns on your head.
Scrolls take you a little longer to read.
Your mind is acute. (Int +2)
Armour fits poorly on your strangely shaped body.
Your spells are a little harder to cast, but a little more powerful.


Message History

Trog's vigour flows through your veins.
You are exhausted.
You feel yourself slow down.
The sixfirhy hits you but does no damage.
The sixfirhy hits you! The sixfirhy shocks you!
* * * LOW HITPOINT WARNING * * *
A kobold comes into view.
You feel much better. The orc sorcerer barely misses you.
You furiously retaliate!
You headbutt the orc sorcerer!
A kobold comes into view. It is wielding a +0 whip.
The orc sorcerer closely misses you. The sixfirhy hits you!
* * * LOW HITPOINT WARNING * * *
The sixfirhy shocks you!
* * * LOW HITPOINT WARNING * * *
You block the sixfirhy's attack. You block the sixfirhy's attack.
The sixfirhy hits you!
* * * LOW HITPOINT WARNING * * *
The sixfirhy shocks you!
You die...

#≈.. ≈#.$.
#≈.K. . ≈...3
..K. .. #.%.
#oK# ..≈ #..
##≈K#
..≈≈##.##≈≈.#
#..≈≈≈.≈≈≈.o#
#........4Z####
##(...o.3@.##
#####4###..#
#..###.###
##.....<.#
######...#
##...# #..# ###


You could see an orange demon, a rust devil, a sixfirhy, an orc sorcerer and a
bullfrog skeleton.

Vanquished Creatures
  The ghost of JeronimusCornelisz the Chopper, an amateur MiBe of Trog (D:3)
  Grinder (D:3)
  An ice beast (D:5)
  A phantom (D:4)
  A bullfrog (D:6)
  A scorpion (D:4)
  2 howler monkeys
  2 crimson imps
  A bullfrog zombie (D:5)
  2 orc priests
  A hound (D:4)
  2 iguanas (D:4)
  3 worker ants
  2 orc wizards
  2 gnolls (D:4)
  9 adders
  An ooze (D:1)
  4 adder skeletons
  A worm (D:5)
  4 dart slugs
  4 leopard geckos
  25 orcs
  2 ball pythons
  3 giant cockroaches
  10 goblins
  11 hobgoblins
  12 jackals
  3 kobolds
  A quokka (D:6)
  5 bats
  4 frilled lizards (D:1)
  A leopard gecko skeleton (D:4)
  A quokka skeleton (D:4)
  8 rats
132 creatures vanquished.

Notes
Turn   | Place    | Note
-------+----------+-------------------------------------------
     0 | D:1      | whitewolfNL the Minotaur Berserker began the quest for the
                  | Orb.
     0 | D:1      | Reached XP level 1. HP: 19/19 MP: 0/0
    42 | D:1      | Reached XP level 2. HP: 25/27 MP: 1/1
   237 | D:1      | Reached XP level 3. HP: 30/33 MP: 2/2
   368 | D:1      | Reached ** piety under Trog
   770 | D:2      | Reached skill level 1 in Throwing
   885 | D:2      | Found a sparkling altar of Nemelex Xobeh.
   975 | D:2      | Reached XP level 4. HP: 28/40 MP: 3/3
  1226 | D:3      | Reached skill level 1 in Shields
  1248 | D:3      | Noticed JeronimusCornelisz's ghost (amateur MiBe)
  1276 | D:3      | Reached skill level 1 in Evocations
  1276 | D:3      | Reached XP level 5. HP: 47/47 MP: 4/4
  1364 | D:3      | Found a transporter.
  1368 | D:3      | Found a transporter.
  1400 | D:3      | Noticed Grinder
  1407 | D:3      | Killed Grinder
  1407 | D:3      | Reached skill level 5 in Fighting
  1407 | D:3      | Reached skill level 5 in Maces & Flails
  1407 | D:3      | Reached XP level 6. HP: 56/56 MP: 4/6
  1535 | D:3      | Reached *** piety under Trog
  1822 | D:3      | Killed JeronimusCornelisz's ghost
  1822 | D:3      | Reached XP level 7. HP: 29/61 MP: 7/7
  2357 | D:4      | Found a deep blue altar of Sif Muna.
  2428 | D:4      | Reached skill level 5 in Armour
  2553 | D:4      | Reached **** piety under Trog
  2554 | D:4      | Found an iron altar of Okawaru.
  2700 | D:4      | Found Riec's Distillery.
  2707 | D:4      | Bought a potion of heal wounds for 50 gold pieces
  2707 | D:4      | Bought a potion of mutation for 80 gold pieces
  2716 | D:4      | Reached XP level 8. HP: 70/70 MP: 9/9
  2926 | D:5      | Entered Level 5 of the Dungeon
  2959 | D:5      | Found a blossoming altar of Fedhas.
  3020 | D:5      | Found Xefec's Distillery.
  3027 | D:5      | Bought a potion of degeneration for 15 gold pieces
  3028 | D:5      | Gained mutation: Your mind is acute. (Int +2) [potion of
                  | mutation]
  3028 | D:5      | Gained mutation: Scrolls take you a little longer to read.
                  | [potion of mutation]
  3028 | D:5      | Gained mutation: Armour fits poorly on your strangely
                  | shaped body. [potion of mutation]
  3028 | D:5      | Gained mutation: Your spells are a little harder to cast,
                  | but a little more powerful. [potion of mutation]
  3404 | D:5      | Found a staircase to the Ecumenical Temple.
  3765 | D:6      | Found a basalt altar of Yredelemnul.
  4158 | D:7      | Noticed an orc sorcerer
  4159 | D:7      | Noticed an orc sorcerer
  4160 | D:7      | Noticed an orc sorcerer
  4162 | D:7      | Noticed a sixfirhy
  4165 | D:7      | Noticed a rust devil
  4168 | D:7      | Noticed a soul eater
  4168 | D:7      | Noticed an orange demon
  4174 | D:7      | HP: 2/71 [sixfirhy[an orc sorcerer] (10)]
  4174 | D:7      | Mangled by a sixfirhy

Skill      XL: |  1  2  3  4  5  6  7  8 |
---------------+-------------------------+-----
Fighting       | 4 5 6 |  6.6
Maces & Flails | 4 5 6 |  6.7
Armour         | 3 4 5 |  5.8
Throwing       | 1 |  1.0
Shields        | 1 2 3 4 |  4.0
Evocations     | 1 2 3 |  3.7
Dodging        | 3 4 |  4.0

Action                   |  1- 3 |  4- 6 |  7- 9 || total
-------------------------+-------+-------+-------++-------
Melee: Mace              |    69 |    49 |   131 ||   249
       Headbutt          |    14 |    19 |    32 ||    65
       Flail             |       |    49 |    39 ||    88
Invok: Berserk           |       |     6 |     6 ||    12
  Use: Scroll            |       |       |     5 ||     5
       Potion            |       |       |     2 ||     2
  Eat: Chunk             |       |     8 |    11 ||    19
       Ration            |       |       |     1 ||     1
Armor: Animal skin       |     8 |       |       ||     8
       Chain mail        |    19 |    62 |    80 ||   161
       Ring mail         |     1 |       |       ||     1
Dodge: Dodged            |    41 |    66 |    77 ||   184
Block: Buckler           |     3 |    19 |    31 ||    53
